 Dungeon Crawl Stone Soup version 0.30-a0-458-g86641cc369 (webtiles) character file.

Game seed: 6927953169998017937

192 oldriver the Shooter (level 5, -1/41 HPs)
             Began as a Barachi Hexslinger on Dec 15, 2022.
             Slain by a hound (2 damage)
             ... on level 4 of the Dungeon.
             The game lasted 00:06:25 (3631 turns).

oldriver the Shooter (Barachi Hexslinger)           Turns: 3631, Time: 00:06:25

Health: -1/41      AC: 10    Str: 12    XL:     5   Next: 71%
Magic:  5/6        EV:  9    Int: 13    God:
Gold:   255        SH:  0    Dex: 14    Spells: 5/6 levels left

rFire   + . .      SeeInvis .    a - +1 sling
rCold   + . .      Faith    .    (no shield)
rNeg    . . .      Spirit   .    v - +3 scale mail {rF+}
rPois   .          Reflect  .    (no helmet)
rElec   .          Harm     .    w - +0 cloak
rCorr   .          Rampage  .    (no gloves)
Will    .....                    (no boots)
Stlth   ..........               (no amulet)
HPRegen 0.00/turn                p - ring of protection from cold
MPRegen 0.10/turn                (no ring)

@: mighty, very slightly contaminated, inhibited regen, slow
A: amphibious, slowness 1, strong legs 1, +LOS, inhibited regeneration,
MP-powered wands
a: Hop


You were on level 4 of the Dungeon.
You visited 2 branches of the dungeon, and saw 8 of its levels.

You collected 255 gold pieces.

Inventory:

Hand Weapons
 a - a +1 sling (weapon)
Armour
 v - a +3 scale mail of fire resistance (worn)
 w - a +0 cloak (worn)
Jewellery
 p - a ring of protection from cold (left hand)
Wands
 s - a wand of charming (1)
 u - a wand of mindburst (17)
Scrolls
 b - a scroll of poison
 e - 3 scrolls of blinking
 j - 3 scrolls of teleportation
 q - a scroll of amnesia
Potions
 f - a potion of flight
 g - 4 potions of brilliance
 h - a potion of attraction
 m - a potion of magic


   Skills:
 + Level 3.5 Fighting
 * Level 4.6 Ranged Weapons
 + Level 1.6 Armour
 - Level 2.1 Dodging
 - Level 1.1 Spellcasting
 - Level 3.2 Hexes


You had 5 spell levels left.
You knew the following spells:

 Your Spells              Type           Power      Damage    Failure   Level
a - Slow                  Hex            36%        N/A       36%         1

Your spell library contained the following spells:

 Spells                   Type           Power      Damage    Failure   Level
 Inner Flame              Hex/Fire       4%         N/A       91%         3
 Portal Projectile        Hex/Tloc       8%         N/A       91%         3
 Cause Fear               Hex            4%         N/A       98%         4
 Gell's Gravitas          Tloc           0%         N/A       99%         3
 Lesser Beckoning         Tloc           0%         N/A       99%         3
 Teleport Other           Tloc           0%         N/A       99%         3


Dungeon Overview and Level Annotations

Branches:
Dungeon (7/15)             Temple (1/1) D:4

Altars:
Ashenzari
Dithmenos
Gozag
Makhleb
Nemelex Xobeh
Okawaru
Qazlal
Ru
Sif Muna
Trog
Vehumet
Wu Jian
Xom
Yredelemnul

Shops:
D:4 :   D:6 [*(!

Annotations:
D:2 Sigmund
D:5 Grinder


Innate Abilities, Weirdness & Mutations

You are amphibious.
You cover ground slowly.
You can hop short distances.
You have an extended range of vision and can be seen from far away.
You do not regenerate when monsters are visible.
You expend magic power (3 MP) to strengthen your wands.


Message History

Press: ? - help, Shift-Dir - straight line, f/p - hound
Aim: a hound (severely wounded, 50% to hit)
You shoot a sling bullet.
The sling bullet hits the hound but does no damage.
The hound is severely wounded.
The hound bites you. x2
* * * LOW HITPOINT WARNING * * *
Unknown command.
Unknown command.
Fire: a) +1 sling
Press: ? - help, Shift-Dir - straight line, f/p - hound
Aim: a hound (severely wounded, 50% to hit)
You shoot a sling bullet.
The sling bullet closely misses the hound.
The hound bites you.
* * * LOW HITPOINT WARNING * * *
The hound bites you but does no damage.
Casting: Slow (safe; 36% risk of failure)
Confirm with . or Enter, or press ? or * to list all spells.
Aiming: Slow (safe; 36% risk of failure)
Press: ? - help, Shift-Dir - straight line, f/p - hound
Aim: a hound (severely wounded, chance to affect: 51%)
You miscast Slow.
You are very lightly contaminated with residual magic.
Nothing appears to happen.
The hound bites you.
* * * LOW HITPOINT WARNING * * *
The hound barely misses you.
It was a potion of might.
You feel very mighty all of a sudden. The hound bites you but does no damage.
Fire: a) +1 sling
Press: ? - help, Shift-Dir - straight line, f/p - hound
Aim: a hound (severely wounded, 50% to hit)
You shoot a sling bullet.
The sling bullet hits the hound but does no damage.
The hound is severely wounded.
The hound barely misses you. The hound bites you.
* * * LOW HITPOINT WARNING * * *
The hound bites you.
You die...

#.# #.# #.# #.# #.# ###'#
#.# #.# #.... #.#
#.######....
#.#####...........
#.#......#######+#
#.'......# #.#
########h#......#######.#
#.......@'...............
##.#######......#######.#
#.# #......# #.# #.#
######## #.. #.# #####.
#.# ###..... #.#
#########....... #.#
#.......#......#
#.#######....[..#......#


You could see a hound.

Vanquished Creatures
  A bullfrog (D:7)
  An orc wizard (D:4)
  4 adders
  A worm (D:4)
  A dart slug (D:1)
  5 orcs
  5 bats
  5 endoplasms
  8 giant cockroaches
  2 goblins
  6 hobgoblins
  4 jackals (D:1)
  A quokka (D:1)
  6 ball pythons
  3 frilled lizards
  7 rats
60 creatures vanquished.

Vanquished Creatures (others)
  Ijyb (D:4)
1 creature vanquished.

Grand Total: 61 creatures vanquished

Notes
Turn   | Place    | Note
-------+----------+-------------------------------------------
     0 | D:1      | oldriver the Barachi Hexslinger began the quest for the
                  | Orb.
     0 | D:1      | Reached XP level 1. HP: 15/15 MP: 2/2
    77 | D:1      | Reached XP level 2. HP: 15/22 MP: 3/3
   451 | D:1      | Reached skill level 3 in Ranged Weapons
   483 | D:1      | Reached XP level 3. HP: 27/27 MP: 4/4
  1244 | D:2      | Noticed Sigmund
  1281 | D:3      | Found a shimmering altar of Xom.
  1354 | D:3      | Reached XP level 4. HP: 33/34 MP: 5/5
  1393 | D:3      | Found a shadowy altar of Dithmenos.
  1393 | D:3      | Found a burning altar of Makhleb.
  1394 | D:3      | Found a stormy altar of Qazlal.
  1407 | D:3      | Found a sparkling altar of Nemelex Xobeh.
  2247 | D:4      | Found a shimmering blue altar of Sif Muna.
  2256 | D:4      | Noticed Ijyb
  2270 | D:4      | Your ally Ijyb died
  2272 | D:4      | Reached skill level 4 in Ranged Weapons
  2430 | D:4      | Found an opulent altar of Gozag.
  2588 | D:4      | Found a broken altar of Ashenzari.
  2603 | D:4      | You fall into a shaft and drop 3 floors!
  2606 | D:7      | Noticed a bullfrog
  2609 | D:7      | Killed a bullfrog
  2610 | D:7      | Reached skill level 1 in Armour
  2610 | D:7      | Reached XP level 5. HP: 32/41 MP: 4/6
  2658 | D:6      | Noticed an orc warrior
  2658 | D:6      | Found Veevan's Distillery.
  2658 | D:6      | Found Adusirei's General Store.
  2658 | D:6      | Found Zimux's Armour Shop.
  2658 | D:6      | Found Cinoiddoi's Weapon Shop.
  2768 | D:6      | Noticed an ice beast
  2769 | D:6      | Noticed a water moccasin
  2773 | D:6      | Noticed an ogre
  2773 | D:6      | Noticed a black bear
  2782 | D:5      | Entered Level 5 of the Dungeon
  3063 | D:4      | Found a staircase to the Ecumenical Temple.
  3073 | Temple   | Entered the Ecumenical Temple
  3298 | D:4      | Found Casaceh's Book Boutique.
  3364 | D:4      | HP: 2/41 [something/magic dart (4)]
  3369 | D:4      | Gained mutation: You expend magic power (3 MP) to
                  | strengthen your wands. [potion of mutation]
  3369 | D:4      | Gained mutation: You do not regenerate when monsters are
                  | visible. [potion of mutation]
  3540 | D:5      | Noticed Grinder
  3540 | D:5      | Noticed a black bear
  3631 | D:4      | HP: 1/41 [hound (2)]
  3631 | D:4      | Slain by a hound

Illustrated notes

Levels and vault maps discovered:
D:1:      nzn_arrival_crosshair, layout_basic
D:2:      layout_basic, minmay_misc_feat_columns, serial_bayou_crossing,
          uniq_sigmund, uniq_crazy_yiuf_cottage
D:3:      layout_loops_ring, lemuel_crystal_altar,
          nicolae_overflow_quartered_altars
D:4:      layout_basic, mainiacjoe_overflow_paths, mainiacjoe_overflow_24_doors,
          nicolae_gozag_cash_rules_everything_around_me,
          minmay_temple_entry_purple_smoke, serial_shops, kennysheep_mini,
          uniq_ijyb
D:5:      layout_rooms, uniq_grinder
D:6:      layout_gridville, hangedman_decor_clover_reticule,
          minmay_shop_grid_forest
D:7:      layout_loops_ring, good_gods_temple_1, minmay_circle_x
Temple:   nicolae_temple_stand_before_the_council

Skill      XL: |  1  2  3  4 |
---------------+-------------+-----
Fighting       | 2 3 |  3.5
Ranged Weapons | 3 4 |  4.6
Armour         | 1 |  1.6
Dodging        | |  2.1
Spellcasting   | |  1.1
Hexes          | |  3.2

Action                   |  1- 3 |  4- 6 || total
-------------------------+-------+-------++-------
Melee: Sling             |       |     2 ||     2
 Fire: Sling             |   121 |    93 ||   214
 Cast: Slow              |     9 |     1 ||    10
 Abil: Hop               |       |     2 ||     2
Evoke: Wand              |       |     2 ||     2
  Use: Scroll            |       |     9 ||     9
       Potion            |       |     6 ||     6
Armor: Robe              |     6 |     1 ||     7
       Scale mail        |       |    50 ||    50
Dodge: Dodged            |    48 |    43 ||    91

Table legend: (Time is in decaauts)
 A = Elapsed time spent in this place.
 B = Non-inter-level travel time spent in this place.
 C = Inter-level travel time spent in this place.
 D = Time resting spent in this place.
 E = Time spent auto-exploring this place.
 F = Levels seen in this place.
 G = Mean time per level.
                   A        B        C        D        E       F      G
               +--------+--------+--------+--------+--------+-----+--------+
         Total |   4205 |   4053 |    152 |    366 |   3057 |   8 |  525.6 |
       Dungeon |   4175 |   4023 |    152 |    366 |   3045 |   7 |  596.4 |
        Temple |     30 |     30 |      0 |      0 |     12 |   1 |   30.0 |
               +--------+--------+--------+--------+--------+-----+--------+

Top non-repeatable levels by time:
     D:4: 1391 daAuts
     D:3: 1075 daAuts
     D:1: 1033 daAuts
     D:2: 443 daAuts
     D:6: 126 daAuts
     D:7: 58 daAuts
     D:5: 45 daAuts
  Temple: 30 daAuts
